 Dungeon Crawl Stone Soup version 0.30-a0-570-g486de37d69 (webtiles) character file.

Game seed: 11640780272502885110

378153 M4edhros the Convoker (level 22, -8/153 HPs)
             Began as an Octopode Fighter on Dec 29, 2022.
             Was the Champion of Cheibriados.
             Killed from afar by an ancient champion (68 damage)
             ... with an iron shot
             ... on level 1 of the Crypt on Dec 30, 2022.
             The game lasted 02:30:57 (25109 turns).

M4edhros the Convoker (Octopode Fighter)           Turns: 25109, Time: 02:30:57

Health: -8/153     AC:  3    Str: 46    XL:     22   Next: 82%
Magic:  30/34      EV: 43    Int: 25    God:    Cheibriados [******]
Gold:   4910       SH: 23    Dex: 42    Spells: 13/38 levels left

rFire   + + +      SeeInvis +      - Unarmed
rCold   + + .      Faith    .    S - +4 kite shield {reflect}
rNeg    + + +      Spirit   .    c - +2 hat
rPois   +          Reflect  +    u - amulet "Dileb" {rN+ Regen+ Str+7 Dex-3}
rElec   +          Harm     .    C - +5 ring of evasion
rCorr   +          Rampage  .    x - +6 ring of dexterity
Will    +++..                    P - ring "Yraip" {rF+ rC+ rN+++ rCorr Dex-5}
Stlth   ++++                     K - ring "Hify" {Will+ Dex+3}
HPRegen 1.25/turn                g - ring of Ozxurume {rF+ rC+ Will+ rCorr}
MPRegen 0.24/turn                M - ring of Noon {EV+5 Dex+3 SInv}
                                 L - ring of Elovoeta {rPois Str+6}
                                 I - ring "Goigijim" {*Corrode Fly rElec Dex+3 Slay+4}

@: flying, very slow
A: almost no armour, amphibious, 8 rings, camouflage 1, gelatinous body 1,
(nimble swimmer 1), tentacles, fire resistance 1, screaming 1
}: 2/15 runes: decaying, serpentine
a: Renounce Religion, Bend Time, Temporal Distortion, Slouch, Step From Time


You were on level 1 of the Crypt.
You worshipped Cheibriados.
Cheibriados was exalted by your worship.
You visited 10 branches of the dungeon, and saw 41 of its levels.
You visited the Abyss 1 time.
You also visited: Trove, Sewer, Bailey, Ice Cave and Desolation.

You collected 6318 gold pieces.
You spent 1408 gold pieces at shops.

Inventory:

Hand Weapons
 J - the +10 sling of Ocihox {antimagic, rC+ Str-5 Dex+2 SInv}
   (You found it on level 3 of the Elven Halls)

   It reduces the magical energy of the wielder, and disrupts the spells and
   magical abilities of those it strikes.
   Natural abilities and divine invocations are not affected.
   Str:       It affects your strength (-5).
   Dex:       It affects your dexterity (+2).
   rC:        It protects you from cold.
   SInv:      It lets you see invisible.
Missiles
 y - 16 silver javelins (quivered)
 E - 13 javelins
 G - 7 curare-tipped darts
 R - 7 throwing nets
Armour
 c - a +2 hat (worn)
 S - a +4 kite shield of reflection (worn)
Jewellery
 e - a +4 ring of protection
 g - the ring of Ozxurume (on tentacle) {rF+ rC+ Will+ rCorr}
   (You found it on level 4 of the Swamp)

   [ring of resist corrosion]

   rF:        It protects you from fire.
   rC:        It protects you from cold.
   rCorr:     It protects you from acid and corrosion.
   Will:      It increases your willpower.
 n - the ring of Arrival {Fly rF+ Will+ SInv}
   (You found it in the Desolation of Salt)

   [ring of flight]

   rF:        It protects you from fire.
   SInv:      It lets you see invisible.
   Fly:       It grants you flight.
   Will:      It increases your willpower.
 u - the amulet "Dileb" (around mantle) {rN+ Regen+ Str+7 Dex-3}
   (You bought it in a shop on level 2 of the Orcish Mines)

   [amulet of regeneration]

   Str:       It affects your strength (+7).
   Dex:       It affects your dexterity (-3).
   rN:        It protects you from negative energy.
   Regen:     It increases your rate of health regeneration.
 v - a ring of positive energy
 x - a +6 ring of dexterity (right tentacle)
 C - a +5 ring of evasion (left tentacle)
 I - the ring "Goigijim" (on tentacle) {*Corrode Fly rElec Dex+3 Slay+4}
   (You took it off a deep elf zephyrmancer on level 1 of the Elven Halls)

   [ring of slaying]

   Dex:       It affects your dexterity (+3).
   Slay:      It affects your accuracy & damage with ranged weapons and melee
   (+4).
   rElec:     It insulates you from electricity.
   Fly:       It grants you flight.
   *Corrode:  It may corrode you when you take damage.
 K - the ring "Hify" (on tentacle) {Will+ Dex+3}
   (You found it in a treasure trove)

   [ring of willpower]

   Dex:       It affects your dexterity (+3).
   Will:      It increases your willpower.
 L - the ring of Elovoeta (on tentacle) {rPois Str+6}
   (You found it in a treasure trove)

   [ring of strength]

   Str:       It affects your strength (+6).
   rPois:     It protects you from poison.
 M - the ring of Noon (on tentacle) {EV+5 Dex+3 SInv}
   (You found it in a treasure trove)

   [ring of evasion]

   EV:        It affects your evasion (+5).
   Dex:       It affects your dexterity (+3).
   SInv:      It lets you see invisible.
 N - a ring of wizardry
 P - the ring "Yraip" (on tentacle) {rF+ rC+ rN+++ rCorr Dex-5}
   (You found it in a treasure trove)

   [ring of protection from fire]

   Dex:       It affects your dexterity (-5).
   rF:        It protects you from fire.
   rC:        It protects you from cold.
   rN:        It renders you almost immune to negative energy.
   rCorr:     It protects you from acid and corrosion.
 T - a +5 ring of evasion
Wands
 k - a wand of digging (7)
 m - a wand of roots (26)
 X - a wand of light (8)
 Y - a wand of flame (7)
Scrolls
 b - 4 scrolls of immolation
 j - 12 scrolls of teleportation
 l - 4 scrolls of silence
 o - 3 scrolls of poison
 p - 6 scrolls of fear
 B - 2 scrolls of summoning
 Z - a scroll of fog
Potions
 a - 4 potions of invisibility
 f - 2 potions of attraction
 i - 5 potions of brilliance
 q - a potion of magic
 s - 2 potions of berserk rage
 z - 6 potions of resistance
 A - 4 potions of might
 D - 5 potions of heal wounds
 F - 6 potions of lignification
 O - a potion of ambrosia
 Q - 2 potions of cancellation
 U - 14 potions of curing
 V - 8 potions of mutation
Miscellaneous
 d - a tin of tremorstones (2/2)
 h - a lightning rod (4/4)
 r - a phantom mirror
 t - a box of beasts
 w - a phantom mirror
 H - a condenser vane
 W - a phial of floods


   Skills:
 + Level 13.5 Fighting
 - Level 3.5 Polearms
 + Level 12.9 Dodging
 - Level 15.8 Shields
 - Level 15.9 Unarmed Combat
 + Level 8.7 Spellcasting
 - Level 5.0 Conjurations
 - Level 16.5 Summonings
 - Level 16.0 Translocations
 * Level 8.0 Transmutations
 - Level 13.3 Ice Magic
 - Level 7.0 Air Magic
 - Level 5.0 Poison Magic
 - Level 7.2 Invocations


You had 13 spell levels left.
You knew the following spells:

 Your Spells              Type           Power      Damage    Failure   Level
a - Blink                 Tloc           100%       N/A       1%          2
b - Manifold Assault      Tloc           74%        N/A       1%          4
c - Summon Lightning Spi  Summ/Air       63%        N/A       1%          4
d - Ignite Poison         Fire/Tmut/Pois 32%        N/A       4%          3
e - Freezing Cloud        Conj/Ice/Air   26%        6-21      9%          5
f - Malign Gateway        Summ/Tloc      37%        N/A       10%         7

Your spell library contained the following spells:

 Spells                   Type           Power      Damage    Failure   Level
 Summon Small Mammal      Summ           100%       N/A       0%          1
 Sting                    Tmut/Pois      100%       1d8       1%          1
 Momentum Strike          Conj/Tloc      100%       3d10      1%          2
 Poisonous Vapours        Pois/Air       80%        N/A       1%          2
 Call Canine Familiar     Summ           76%        N/A       1%          3
 Kindle Blastsparks       Fire/Tloc/Air  98%        2d18      1%          3
 Lesser Beckoning         Tloc           100%       N/A       1%          3
 Portal Projectile        Hex/Tloc       100%       N/A       1%          3
 Summon Guardian Golem    Hex/Summ       51%        N/A       1%          3
 Vhi's Electric Charge    Tloc/Air       100%       N/A       1%          3
 Iskenderun's Mystic Bla  Conj/Tloc      59%        2d12      1%          4
 Passage of Golubria      Tloc           74%        N/A       1%          4
 Cigotuvi's Dreadful Rot  Necr/Pois/Air  60%        N/A       2%          2
 Passwall                 Tmut/Erth      25%        N/A       2%          2
 Mephitic Cloud           Conj/Pois/Air  39%        N/A       2%          3
 Foxfire                  Conj/Fire      92%        2x1d8     3%          1
 Kiss of Death            Conj/Necr      92%        2d12      3%          1
 Airstrike                Air            22%        2d(4-20)  5%          4
 Sandblast                Erth           20%        2d7       10%         1
 Dazzling Flash           Conj/Hex       46%        N/A       10%         3
 Scorch                   Fire           20%        2d6       14%         2
 Petrify                  Tmut/Erth      31%        N/A       19%         4
 Alistair's Intoxication  Tmut/Pois      28%        N/A       19%         5
 Arcjolt                  Conj/Air       20%        1d30      22%         5
 Lightning Bolt           Conj/Air       20%        1d35      22%         5
 Confusing Touch          Hex            10%        N/A       28%         3
 Flame Wave               Conj/Fire      23%        2d8       32%         4
 Fulminant Prism          Conj/Hex       11%        3d8       32%         4
 Sticky Flame             Conj/Fire      23%        2d4       32%         4
 Iskenderun's Battlesphe  Conj           35%        2d9       32%         5
 Silence                  Hex/Air        14%        N/A       52%         5
 Animate Dead             Necr           10%        N/A       67%         4
 Cause Fear               Hex            5%         N/A       67%         4
 Dispel Undead            Necr           10%        3d9       67%         4
 Leda's Liquefaction      Hex/Erth       5%         N/A       67%         4
 Spellforged Servitor     Conj/Summ      29%        N/A       67%         7
 Eringya's Noxious Bog    Tmut/Pois      21%        N/A       69%         6
 Conjure Ball Lightning   Conj/Air       20%        3x3d6     77%         6
 Borgnjor's Vile Clutch   Necr/Erth      5%         N/A       95%         5
 Haunt                    Necr/Summ      25%        N/A       95%         7
 Dragon Form              Tmut           25%        N/A       96%         7
 Storm Form               Tmut/Air       24%        N/A       98%         7
 Iron Shot                Conj/Erth      11%        9d3       99%         6
 Starburst                Conj/Fire      11%        6d5       99%         6
 Orb of Destruction       Conj           17%        9d7       100%        7
 Borgnjor's Revivificati  Necr           5%         N/A       100%        8
 Ignition                 Fire           5%         3d4       100%        8
 Infestation              Necr           5%         N/A       100%        8
 Lehudib's Crystal Spear  Conj/Erth      11%        10d4      100%        8
 Maxwell's Capacitive Co  Air            22%        ∞         100%        8
 Necromutation            Tmut/Necr      15%        N/A       100%        8
 Death's Door             Necr           5%         N/A       100%        9
 Dragon's Call            Summ           38%        N/A       100%        9
 Fire Storm               Conj/Fire      11%        8d3       100%        9
 Shatter                  Erth           5%         3d8*      100%        9
 Animate Armour           Summ/Erth      Unusable   N/A       N/A         4

Dungeon Overview and Level Annotations

Branches:
Dungeon (15/15)            Temple (1/1) D:4            Lair (5/5) D:10
  Swamp (4/4) Lair:3        Snake (4/4) Lair:2        Slime (0/5) Lair:4
    Orc (2/2) D:12            Elf (3/3) Orc:2        Vaults (3/5) D:13
  Crypt (1/3) Vaults:3     Depths (3/4) D:15          Sewer (visited)
 Bailey (visited)           IceCv (visited)         Desolation (visited)

Altars:
Ashenzari
Cheibriados
Dithmenos
Elyvilon
Fedhas
Gozag
Hepliaklqana
Kikubaaqudgha
Makhleb
Nemelex Xobeh
Okawaru
Qazlal
Ru
Sif Muna
Uskayaw
Vehumet
Wu Jian
Xom
Yredelemnul
Zin
The Shining One
Jiyva

Shops:
D:1 :   D:10 :   D:12 =   Orc:2 !*(=:   Elf:2 =[   Vaults:1 [   Vaults:2 :[=
Depths:1 :

Portals:
Hell: Depths:2
Pandemonium: Depths:2

Annotations:
Temple 2 transporters
Lair:5 1 runed translucent door, WienerDreamer's ghost, journeyman KoBr
Swamp:2 2 transporters, Liseak's ghost, journeyman MfDe
Swamp:4 Mara
Snake:2 5 transporters
Elf:2 3 runed translucent doors


Innate Abilities, Weirdness & Mutations

You cannot wear most types of armour.
You are amphibious.
You can wear up to eight rings at the same time.
Your skin changes colour to match your surroundings (Stealth+).
Your rubbery body absorbs attacks. (AC +1, EV +1)
((You are camouflaged when in or above water. (Stealth+)))
You have tentacles for arms and can constrict up to eight enemies at once.
Your flesh is heat resistant. (rF+)
You occasionally shout uncontrollably at your foes.


Message History

The five-headed hydra zombie is heavily damaged.
You block the five-headed hydra zombie's attack. x2
The five-headed hydra zombie closely misses you.
The five-headed hydra zombie completely misses you. x2
You block the skeletal warrior's attack.
You bludgeon the five-headed hydra zombie!
You tentacle-slap the five-headed hydra zombie!!
You squeeze the five-headed hydra zombie!
You destroy the five-headed hydra zombie!
Cheibriados thoroughly appreciates the change of pace.
You tentacle-slap the skeletal warrior. Your grab misses the skeletal warrior.
The skeletal warrior is lightly damaged.
You block the skeletal warrior's attack.
You closely miss the skeletal warrior. You grab the skeletal warrior.
You squeeze the skeletal warrior!
The skeletal warrior is moderately damaged.
You constrict the skeletal warrior.
The skeletal warrior hits you with a +0 battleaxe!!
* * * LOW HITPOINT WARNING * * *
You batter the skeletal warrior!! You squeeze the skeletal warrior!!
You destroy the skeletal warrior!
Cheibriados appreciates the change of pace.
An ancient champion comes into view. It is wielding a +2 battleaxe.
Your phial of floods has recharged.
Found 4 boomerangs.
The ancient champion completely misses you.
You see here a +0 battleaxe.
You feel much better.
You block the ancient champion's attack.
Casting: Summon Lightning Spire (mildly dangerous; 1% risk of failure)
Confirm with . or Enter, or press ? or * to list all spells.
An electric hum fills the air.
The ancient champion gestures at you while chanting.
Your +4 kite shield of reflection reflects the iron shot!
The iron shot hits the ancient champion!!!
The ancient champion attacks as you move away!
You block the ancient champion's attack.
The ancient champion gestures at you while chanting.
The iron shot hits you!!!
You die...

##### . #..(
#.###†###
###.#z)@..#
#.......8.#
#.#?......#
##....).####..
##..........#
#...<.######
#.....#
#.....#
#.....#


You could see an ancient champion (ally target) and a friendly lightning spire
(summoned).

Vanquished Creatures
  A golden dragon (Depths:2)
  A bone dragon (Swamp:4)
  Jorgrun (Swamp:2)
  Zenata (Elf:3)
  Asterion (Vaults:1)
  A lich (Depths:1)
  2 deep elf blademasters (Elf:3)
  A quicksilver dragon (Snake:4)
  A deep elf master archer (Elf:3)
  A sphinx (Vaults:2)
  A shadow dragon (Depths:2)
  A tengu reaver (Depths:1)
  Donald (Orc:2)
  A revenant (Crypt:1)
  9 nagarajas (Snake:4)
  2 fire giants
  6 deep elf sorcerers
  A frost giant (Depths:1)
  2 vault wardens
  An iron dragon (Depths:3)
  3 imperial myrmidons (Desolation)
  The ghost of Jaorgh the Quickloader, a journeyman GnHu of Hepliaklqana (D:15)
  3 deep elf elementalists (Elf:3)
  10 ironbound preservers
  3 ghouls (Crypt:1)
  5 ironbound thunderhulks
  13 very ugly things
  2 war gargoyles (Vaults:3)
  2 deep elf demonologists (Elf:3)
  3 eleionomae
  7 stone giants
  3 bunyips
  A halazid warlock (Desolation)
  4 spark wasps (Depths:1)
  25 dire elephants
  4 deep elf annihilators
  A blizzard demon (D:15)
  3 ettins
  3 crystal guardians (Desolation)
  An eidolon (Vaults:3)
  Snorg (Orc:1)
  5 deep elf death magi (Elf:3)
  A fire dragon (Depths:2)
  An entropy weaver (Vaults:1)
  5 ragged hierophants
  A shambling mangrove (Swamp:2)
  3 deep elf high priests (Elf:3)
  2 great orbs of eyes
  13 hydras
  3 peacekeepers
  Fannar (D:12)
  5 yaktaur captains
  A rakshasa (Depths:3)
  5 servants of whispers
  A merfolk avatar (Lair:5)
  A spriggan air mage (Depths:3)
  3 salamander tyrants (Snake:4)
  3 vault guards
  6 anacondas
  A catoblepas (Lair:2)
  2 ironbound frosthearts
  A spriggan skeleton (Crypt:1)
  4 two-headed ogres
  7 centaur warriors
  A two-headed ogre (shapeshifter) (D:15)
  A death knight (D:15)
  12 dancing weapons
  3 boulder beetles
  3 naga warriors
  3 tengu warriors
  7 alligators
  A deep troll earth mage (Depths:2)
  6 deep troll shamans
  3 vampire magi
  6 death yaks (Lair:5)
  2 thrashing horrors (Abyss:2)
  4 shock serpents
  2 spriggan berserkers
  7 orc high priests
  Sonja (D:10)
  Urug (Lair:1)
  Nergalle (Lair:2)
  3 salamander mystics
  5 naga sharpshooters
  A death drake (Swamp:4)
  A sixfirhy (Abyss:2)
  8 deep elf knights
  3 iron trolls
  A goliath frog (Swamp:2)
  5 spriggan druids
  2 skeletal warriors
  42 deep trolls
  4 swamp dragons
  2 naga ritualists
  11 bog bodies
  6 deep elf archers
  A sea snake (shapeshifter) (Vaults:3)
  A sea snake (Lair:5)
  3 spectral hydras (Swamp:4)
  2 glowing orange brains
  A flayed ghost (Abyss:2)
  4 wizards
  3 lindwurms (Vaults:3)
  4 mana vipers
  A harpy (shapeshifter) (Depths:3)
  16 deep elf zephyrmancers
  8 ironbound convokers
  11 orc knights
  2 phantasmal warriors
  2 necromancers
  30 ugly things
  7 harpies
  A mana viper (shapeshifter) (Elf:3)
  11 deep elf pyromancers
  7 manticores
  4 orc sorcerers
  7 will-o-the-wisps
  5 salamanders
  3 cyclopes
  Maurice (D:11)
  6 guardian serpents
  2 ice statues (IceCv)
  16 elephants
  4 naga magi
  20 black mambas
  A guardian serpent (shapeshifter) (D:15)
  9 vault sentinels
  9 cane toads
  3 gargoyles
  A shock serpent skeleton (Crypt:1)
  A torpor snail (Lair:5)
  3 rime drakes
  A hellion (Depths:2)
  3 efreet
  13 komodo dragons
  A freezing wraith (IceCv)
  3 anaconda simulacra (IceCv)
  7 ice devils
  An ancient zyme (Abyss:2)
  5 yaktaurs
  4 swamp worm zombies (Swamp:4)
  5 trolls
  4 hydra zombies
  8 hornets
  6 tyrant leeches
  2 alligator zombies (Swamp:4)
  2 wolf spider simulacra (D:15)
  20 blink frogs
  Prince Ribbit (D:5)
  23 slime creatures
  31 saltlings
  3 spectral swamp dragons (Swamp:4)
  A jumping spider (Vaults:1)
  Sigmund (D:3)
  13 flying skulls (Crypt:1)
  6 starcursed masses (Abyss:2)
  2 air elementals
  5 centaur simulacra
  5 spriggans
  5 shadows
  3 ynoxinuls
  4 wyverns
  65 yaks
  2 basilisks
  4 wraiths
  2 vampires
  5 water elementals
  5 fire elementals
  2 humans (shapeshifter)
  2 death yak simulacra (IceCv)
  4 steam dragons
  10 vampire mosquitoes
  2 wargs (D:10)
  5 harpy simulacra (IceCv)
  A deep troll zombie (Crypt:1)
  13 nagas
  9 swamp worms
  2 hydra simulacra (IceCv)
  A hell hound (Abyss:2)
  9 water moccasins
  A floating eye (shapeshifter) (Depths:1)
  3 swamp drakes
  Pargi (D:3)
  2 meliai simulacra (D:15)
  2 swamp dragon zombies (Swamp:4)
  2 ice beasts
  31 orc warriors
  7 wolves
  3 phantoms
  8 centaurs
  A kobold brigand (D:10)
  3 small abominations (Abyss:2)
  11 bullfrogs
  2 gnoll sergeants
  A glowing shapeshifter simulacrum (Vaults:2)
  An earth elemental (Elf:2)
  2 scorpions (D:4)
  A cane toad simulacrum (IceCv)
  4 wights (D:6)
  A swamp dragon simulacrum (Crypt:1)
  An elephant simulacrum (IceCv)
  6 killer bees
  7 vampire bats (Bailey)
  A nameless horror (Vaults:1)
  3 electric eels
  3 howler monkeys
  4 wolf zombies (Bailey)
  2 gnoll boudas
  A jelly (D:6)
  25 orc priests
  4 hounds
  Terence (D:3)
  4 iguanas (D:6)
  14 orc wizards
  4 hell rats (Lair:5)
  A spriggan simulacrum (IceCv)
  A troll simulacrum (IceCv)
  Robin (D:3)
  13 gnolls
  A naga simulacrum (IceCv)
  13 adders
  A river rat (D:6)
  2 swamp drake zombies (Swamp:4)
  2 ufetubi
  3 worms
  3 dart slugs
  44 orcs
  15 ball pythons
  3 bats
  10 endoplasms
  9 giant cockroaches
  10 goblins
  9 hobgoblins
  A jackal (D:3)
  7 quokkas
  19 frilled lizards
  8 kobolds
  19 orc zombies (Bailey)
  2 lurking horrors (Abyss:2)
1272 creatures vanquished.

Vanquished Creatures (collateral kills)
  A quicksilver dragon (Snake:4)
  A tentacled starspawn (Abyss:2)
  2 fire giants
  An ironbound preserver (Vaults:1)
  3 very ugly things
  A dire elephant (Vaults:3)
  A deep elf demonologist (Elf:3)
  An eleionoma (Swamp:4)
  3 bunyips
  A deep elf annihilator (Elf:3)
  An ettin (Depths:2)
  A fire dragon (Depths:2)
  2 hydras
  2 salamander tyrants
  2 anacondas
  2 boulder beetles
  A two-headed ogre (D:11)
  A deep troll shaman (Depths:1)
  2 naga warriors
  2 centaur warriors (Vaults:1)
  3 naga sharpshooters
  A spriggan druid (Swamp:3)
  A swamp dragon (Swamp:2)
  4 deep trolls
  2 bog bodies
  2 wizards
  A deep elf zephyrmancer (Elf:2)
  2 ironbound convokers
  A deep elf pyromancer (Elf:1)
  2 mana vipers (Snake:4)
  An orc knight (Orc:2)
  2 manticores (D:11)
  An ugly thing (Vaults:3)
  A black mamba (Snake:2)
  5 naga magi
  A yaktaur (Vaults:1)
  A hydra zombie (Swamp:4)
  A saltling (Desolation)
  A hornet (Swamp:2)
  3 slime creatures (Vaults:1)
  A shadow (D:11)
  A yak (D:11)
  A golden eye (Abyss:2)
  2 redbacks (Vaults:1)
  3 swamp worms
  A naga (Snake:3)
  5 orc warriors (Orc:2)
  A swamp drake (Swamp:1)
  A swamp dragon zombie (Swamp:4)
  A howler monkey (D:11)
  An orc priest (Orc:2)
  A small abomination (Abyss:2)
  2 orc wizards
  2 gnolls (Orc:2)
  16 orcs (Orc:2)
  A starspawn tentacle (Abyss:2)
107 creatures vanquished.

Vanquished Creatures (others)
  An eldritch tentacle (Elf:3)
  A ghost crab (Swamp:4)
  A deep elf knight (Elf:1)
  A phantasmal warrior (Swamp:4)
  A deep elf pyromancer (Elf:2)
  A komodo dragon (D:11)
  5 bloated husks
  An air elemental (Elf:2)
  2 spriggans (Depths:2)
  A swamp worm (Swamp:2)
  3 phantoms (Swamp:4)
  18 foxfires
  8 fungi
  26 plants
  3 starspawn tentacles (Abyss:2)
73 creatures vanquished.

Grand Total: 1452 creatures vanquished

Notes
Turn   | Place    | Note
-------+----------+-------------------------------------------
     0 | D:1      | M4edhros the Octopode Fighter began the quest for the Orb.
     0 | D:1      | Reached XP level 1. HP: 16/16 MP: 1/1
   107 | D:1      | Reached XP level 2. HP: 21/21 MP: 2/2
   409 | D:2      | Found a faded altar of an unknown god.
   454 | D:2      | Reached XP level 3. HP: 24/26 MP: 3/3
   736 | D:3      | Reached XP level 4. HP: 9/31 MP: 4/4
  1048 | D:4      | Found a staircase to the Ecumenical Temple.
  1063 | Temple   | Entered the Ecumenical Temple
  1063 | Temple   | Found a transporter.
  1063 | Temple   | Found a transporter.
  1125 | Temple   | Found a transporter.
  1125 | Temple   | Found a transporter.
  1142 | Temple   | Became a worshipper of Cheibriados the Contemplative
  1501 | D:1      | Found Qeal's Book Shoppe.
  1792 | D:3      | Reached * piety under Cheibriados
  1807 | D:3      | Reached XP level 5. HP: 26/37 MP: 5/5
  1910 | D:3      | Noticed Pargi
  1923 | D:3      | Killed Pargi
  1924 | D:3      | Reached XP level 6. HP: 28/43 MP: 6/6
  1960 | D:3      | HP: 1/43 [gnoll/+0 spear (7)]
  2155 | D:3      | Noticed Terence
  2162 | D:3      | Killed Terence
  2163 | D:3      | Reached skill level 1 in Unarmed Combat
  2192 | D:3      | Noticed Robin
  2206 | D:3      | Killed Robin
  2206 | D:3      | Reached ** piety under Cheibriados
  2439 | D:4      | Reached XP level 7. HP: 12/49 MP: 7/7
  2729 | D:3      | Noticed Sigmund
  2739 | D:3      | Killed Sigmund
  2791 | D:5      | Entered Level 5 of the Dungeon
  2867 | D:5      | Reached skill level 5 in Dodging
  2867 | D:5      | Reached skill level 5 in Shields
  3107 | D:5      | Noticed Prince Ribbit
  3115 | D:5      | Killed Prince Ribbit
  3116 | D:5      | Reached skill level 5 in Fighting
  3116 | D:5      | Reached XP level 8. HP: 18/55 MP: 8/8
  3660 | D:6      | Reached *** piety under Cheibriados
  3770 | D:6      | Found a glowing drain.
  3774 | Sewer    | Entered a sewer
  3901 | Sewer    | Reached skill level 5 in Unarmed Combat
  3915 | Sewer    | Identified the +1 leather armour of Dawn {Regen+ rCorr
                  | Str-5 Slay+5}
  4022 | Sewer    | Reached **** piety under Cheibriados
  4270 | D:6      | Reached XP level 9. HP: 24/62 MP: 9/9
  4807 | D:8      | Identified the +1 buckler of the Dice {Drain rElec Dex+4
                  | SInv}
  4841 | D:8      | Reached skill level 1 in Invocations
  4866 | D:8      | Gained mutation: Your flesh is heat resistant. (rF+)
                  | [potion of mutation]
  4886 | D:8      | Reached XP level 10. HP: 31/69 MP: 6/11
  4910 | D:8      | Learned a level 2 spell: Blink
  5201 | D:9      | Learned a level 4 spell: Manifold Assault
  5250 | D:9      | Noticed a two-headed ogre
  5258 | D:9      | Killed a two-headed ogre
  5401 | D:9      | Reached skill level 10 in Unarmed Combat
  5409 | D:9      | Reached XP level 11. HP: 45/74 MP: 14/14
  5507 | D:10     | Entered Level 10 of the Dungeon
  5508 | D:10     | Identified a scroll of acquirement
  5508 | D:10     | Acquired a manual of Unarmed Combat
  5542 | D:10     | Found an ornate altar of the Wu Jian Council.
  5543 | D:10     | Found a white marble altar of Elyvilon.
  5554 | D:10     | Found Wass's Book Shoppe.
  5573 | D:10     | Bought a book of Storms for 384 gold pieces
  5578 | D:10     | Learned a level 4 spell: Summon Lightning Spire
  5745 | D:10     | Found a staircase to the Lair.
  5771 | D:10     | Reached skill level 1 in Summonings
  5771 | D:10     | Reached skill level 1 in Air Magic
  5844 | D:10     | Found a flagged portal.
  5846 | D:10     | Noticed Sonja
  5855 | Bailey   | Entered a bailey
  5910 | Bailey   | Reached ***** piety under Cheibriados
  6245 | Bailey   | Identified the +3 plate armour of the Okapi {Contam Str+8
                  | Int+9 Slay-6}
  6298 | D:10     | Killed Sonja
  6336 | D:11     | Noticed a two-headed ogre
  6344 | D:11     | Killed a two-headed ogre
  6379 | D:11     | Noticed Maurice
  6390 | D:11     | Killed Maurice
  6399 | D:11     | Got Leda's Almanac of Grit
  6408 | D:11     | Noticed a manticore
  6418 | D:11     | Killed a manticore
  6419 | D:11     | Reached skill level 5 in Translocations
  6441 | D:11     | Noticed a two-headed ogre
  6451 | D:11     | Noticed a boulder beetle
  6468 | D:11     | Killed a boulder beetle
  6500 | D:11     | Noticed a manticore
  6510 | D:11     | Killed a manticore
  6517 | D:11     | Reached XP level 12. HP: 44/80 MP: 4/15
  6522 | D:11     | Noticed a tengu warrior
  6523 | D:11     | Noticed a boulder beetle
  6536 | D:11     | Killed a boulder beetle
  6685 | D:11     | Killed a tengu warrior
  6711 | D:11     | Identified the +0 robe of the Original Sin {*Corrode MP+9
                  | Archmagi}
  6751 | D:11     | Killed a two-headed ogre
  6804 | D:11     | HP: 2/80 [komodo dragon (27)]
  7023 | D:11     | Reached skill level 5 in Summonings
  7036 | D:11     | Reached skill level 5 in Air Magic
  7164 | D:11     | Found an iron altar of Okawaru.
  7502 | D:12     | Found Lathrastro's Jewellery Boutique.
  7516 | D:12     | Bought an amulet of reflection for 330 gold pieces
  7564 | D:12     | Noticed a vault guard
  7581 | D:12     | Killed a vault guard
  7587 | D:12     | Found a portal to a secret trove of treasure.
  7592 | Trove    | Entered a treasure trove
  7596 | Trove    | Identified the ring "Hify" {Will+ Dex+3}
  7598 | Trove    | Identified the ring of Elovoeta {rPois Str+6}
  7600 | Trove    | Identified the ring of Noon {EV+5 Dex+3 SInv}
  7607 | Trove    | Identified the ring "Yraip" {rF+ rC+ rN+++ rCorr Dex-5}
  7609 | Trove    | Identified the ring of Lies {rPois SInv}
  7613 | Trove    | Identified the ring of Kuet {rC+ rN+++ Int+3 Dex-4 SInv}
  7619 | Trove    | Identified the amulet of Coet {RegenMP rPois MP+9 Str+8
                  | Dex-4}
  7840 | D:13     | Noticed a two-headed ogre
  7844 | D:13     | Killed a two-headed ogre
  7908 | D:13     | Noticed a centaur warrior
  7923 | D:13     | Killed a centaur warrior
  7995 | D:12     | Found a staircase to the Orcish Mines.
  8036 | Orc:1    | Entered Level 1 of the Orcish Mines
  8046 | Orc:1    | Noticed Snorg
  8048 | Orc:1    | Noticed Fannar
  8060 | Orc:1    | Killed Snorg
  8067 | D:12     | Killed Fannar
  8104 | D:12     | Noticed a two-headed ogre
  8199 | D:12     | Reached XP level 13. HP: 55/85 MP: 16/16
  8304 | Orc:2    | Entered Level 2 of the Orcish Mines
  8304 | Orc:2    | Found a staircase to the Elven Halls.
  8304 | Orc:2    | Found Nehuedis's Distillery.
  8310 | Orc:2    | Noticed Donald
  8710 | Orc:2    | Reached skill level 10 in Dodging
  8879 | Orc:2    | Reached skill level 15 in Unarmed Combat
  8926 | Orc:2    | Found Ygusohom's Book Shop.
  8926 | Orc:2    | Found Feyffololy's General Store.
  8927 | Orc:2    | Found Jaomah's Jewellery Shop.
  8927 | Orc:2    | Found Ogeazel's Weapon Boutique.
  9066 | Orc:2    | Killed Donald
  9067 | Orc:2    | Reached skill level 1 in Spellcasting
  9231 | Orc:2    | Bought the amulet "Dileb" {rN+ Regen+ Str+7 Dex-3} for 694
                  | gold pieces
  9427 | Lair:1   | Entered Level 1 of the Lair of Beasts
  9536 | Lair:1   | Noticed Urug
  9553 | Lair:1   | Killed Urug
  9660 | Lair:1   | Found a frozen archway.
  9668 | IceCv    | Entered an ice cave
  9685 | IceCv    | Reached XP level 14. HP: 87/88 MP: 17/17
 10033 | Lair:1   | You fall into a shaft and drop 1 floor!
 10071 | Lair:2   | Found a staircase to the Snake Pit.
 10080 | Lair:2   | Reached skill level 1 in Ice Magic
 10300 | Lair:3   | Reached ****** piety under Cheibriados
 10386 | Lair:3   | Reached skill level 5 in Ice Magic
 10403 | Lair:3   | Found a staircase to the Swamp.
 10443 | Lair:4   | Identified the +12 broad axe of the Scroll {flame, rElec
                  | rN++ rCorr Stlth+}
 10484 | Lair:4   | Found a staircase to the Slime Pits.
 10486 | Lair:4   | Found a viscous altar of Jiyva.
 10625 | Lair:4   | Found a white marble altar of Elyvilon.
 10676 | Lair:4   | Learned a level 3 spell: Ignite Poison
 10719 | Lair:5   | Entered Level 5 of the Lair of Beasts
 10754 | Lair:5   | Reached skill level 10 in Shields
 10761 | Lair:5   | Reached XP level 15. HP: 97/102 MP: 18/18
 10806 | Lair:5   | Reached skill level 10 in Ice Magic
 10980 | Lair:5   | Found the +27 heavy crossbow "Sniper" {heavy, Acc+∞ SInv}
 10994 | Lair:5   | Found a runed translucent door.
 10995 | Lair:5   | Found a shimmering altar of Xom.
 10995 | Lair:5   | Noticed WienerDreamer's ghost (journeyman KoBr)
 10996 | Lair:5   | Identified the +5 eveningstar "Worm's Wrath" {chaos, rCorr
                  | Dex+3}
 11053 | Lair:4   | Reached skill level 10 in Fighting
 11157 | Swamp:1  | Entered Level 1 of the Swamp
 11290 | Lair:2   | Noticed Nergalle
 11297 | Lair:2   | Killed Nergalle
 11326 | Snake:1  | Entered Level 1 of the Snake Pit
 11597 | Snake:4  | Entered Level 4 of the Snake Pit
 11601 | Snake:4  | Noticed a nagaraja
 11639 | Snake:4  | Killed a nagaraja
 11654 | Snake:4  | Got the Papyrus of Tainted Blows and Bruises
 11735 | Snake:4  | Reached XP level 16. HP: 110/110 MP: 18/21
 11743 | Snake:4  | Learned a level 5 spell: Freezing Cloud
 11770 | Snake:4  | Noticed a nagaraja
 11776 | Snake:4  | Killed a nagaraja
 11798 | Snake:4  | Identified the +6 shortbow of the Skies Above {elec, Drain
                  | rCorr Dex+2 SInv}
 11829 | Snake:4  | Reached skill level 1 in Conjurations
 11872 | Snake:4  | Noticed a nagaraja
 11883 | Snake:4  | Killed a nagaraja
 11964 | Snake:4  | Reached skill level 1 in Transmutations
 11981 | Snake:4  | Noticed a nagaraja
 11989 | Snake:4  | Noticed a nagaraja
 11994 | Snake:4  | Reached skill level 1 in Poison Magic
 12001 | Snake:4  | Killed a nagaraja
 12001 | Snake:4  | Noticed a nagaraja
 12005 | Snake:4  | Killed a nagaraja
 12014 | Snake:4  | Killed a nagaraja
 12043 | Snake:4  | Noticed a nagaraja
 12056 | Snake:4  | Killed a nagaraja
 12112 | Snake:4  | Noticed a nagaraja
 12114 | Snake:4  | Noticed a nagaraja
 12118 | Snake:4  | Noticed a quicksilver dragon
 12120 | Snake:4  | Killed a nagaraja
 12121 | Snake:4  | Killed a quicksilver dragon
 12123 | Snake:4  | Killed a nagaraja
 12125 | Snake:4  | Noticed a quicksilver dragon
 12254 | Snake:4  | Killed a quicksilver dragon
 12312 | Snake:4  | Got a serpentine rune of Zot
 12385 | Snake:3  | Identified the +10 rapier of the Howling Salmon {heavy,
                  | rC+++ MP+9 Int-3 Dex+4}
 12505 | Snake:2  | Found a transporter.
 12505 | Snake:2  | Noticed a nagaraja
 12507 | Snake:2  | Noticed a nagaraja
 12508 | Snake:2  | Found a transporter.
 12521 | Snake:2  | Found a transporter.
 12521 | Snake:2  | Found a transporter.
 12536 | Snake:2  | Found a transporter.
 12920 | Swamp:2  | You fall into a shaft and drop 1 floor!
 12988 | Swamp:4  | Entered Level 4 of the Swamp
 13049 | Swamp:3  | Reached skill level 5 in Transmutations
 13064 | Swamp:3  | Reached XP level 17. HP: 69/117 MP: 4/23
 13201 | Swamp:3  | Identified the +9 quarterstaff of Numu Suc {vamp, Int+8}
 13232 | Swamp:2  | Found a transporter.
 13310 | Swamp:2  | Found a transporter.
 13316 | Swamp:2  | Noticed Liseak's ghost (journeyman MfDe)
 13452 | Swamp:4  | Noticed Mara
 13463 | Swamp:3  | Reached skill level 5 in Poison Magic
 13850 | Swamp:2  | Reached skill level 5 in Conjurations
 13868 | Swamp:2  | Noticed Jorgrun
 13984 | Swamp:2  | Killed Jorgrun
 14200 | Swamp:4  | Identified the ring "Meogodio" {*Slow rF+ rCorr Int+6}
 14217 | Swamp:4  | Identified the ring of Ozxurume {rF+ rC+ Will+ rCorr}
 14366 | Swamp:4  | Noticed a bone dragon
 14445 | Swamp:4  | Killed a bone dragon
 14527 | Swamp:4  | Got a decaying rune of Zot
 15166 | Lair:1   | Reached skill level 15 in Shields
 15563 | D:13     | Found a gate to the Vaults.
 15570 | D:13     | Reached XP level 18. HP: 113/124 MP: 24/24
 15574 | D:13     | Reached skill level 10 in Translocations
 15585 | Vaults:1 | Entered Level 1 of the Vaults
 15616 | Abyss:2  | Found a corrupted altar of Lugonu.
 15616 | Abyss:2  | Cast into level 2 of the Abyss (a wizard)
 15697 | Abyss:2  | Noticed a bone dragon
 15793 | Abyss:2  | Found a corrupted altar of Lugonu.
 15794 | Abyss:2  | Found a corrupted altar of Lugonu.
 15794 | Abyss:2  | Found a corrupted altar of Lugonu.
 15801 | Abyss:2  | Found a corrupted altar of Lugonu.
 15891 | Vaults:1 | Escaped the Abyss
 15989 | Vaults:1 | Reached skill level 10 in Summonings
 16029 | Vaults:1 | Acquired a book of the Dragon
 16179 | Vaults:1 | Noticed Asterion
 16510 | D:13     | Found a blossoming altar of Fedhas.
 16754 | D:15     | Entered Level 15 of the Dungeon
 16835 | D:15     | Noticed Jaorgh's ghost (journeyman GnHu)
 16948 | D:15     | Found a broken altar of Ashenzari.
 17005 | D:15     | Reached XP level 19. HP: 122/128 MP: 16/25
 17028 | D:15     | Found a runed translucent gate.
 17031 | D:15     | Found a runed translucent gate.
 17032 | D:15     | Found a runed translucent gate.
 17058 | D:15     | Killed Jaorgh's ghost
 17104 | D:15     | Got the ring "Digyfevuw" {Fire Dex+3 Slay+2}
 17430 | D:15     | Found a staircase to the Depths.
 17452 | Depths:1 | Entered Level 1 of the Depths
 17489 | Depths:1 | Gained mutation: You occasionally shout uncontrollably at
                  | your foes. [a shining eye]
 17506 | Depths:1 | Found Araveo Arghe's Vocational Training.
 17669 | Depths:2 | Found an ornate altar of the Wu Jian Council.
 17697 | Depths:2 | Found a gateway to Hell.
 17756 | Depths:2 | Reached XP level 20. HP: 135/135 MP: 22/26
 17945 | Depths:2 | Found a one-way gate leading to the halls of Pandemonium.
 18175 | Depths:2 | Reached skill level 15 in Translocations
 18322 | Depths:2 | Acquired 896 gold pieces
 18505 | Depths:3 | Noticed a golden dragon
 18514 | Depths:2 | Killed a golden dragon
 18776 | Vaults:1 | Reached XP level 21. HP: 116/140 MP: 25/27
 19236 | Vaults:1 | Killed Asterion
 19428 | Vaults:1 | Found Reishemi's Antique Armour Shoppe.
 19534 | Vaults:1 | Identified the +1 plate armour "Vishesch" {Harm *Slow rC++
                  | Will+}
 19686 | Vaults:2 | Found Cegouno's Jewellery Boutique.
 19823 | Vaults:2 | Reached skill level 15 in Summonings
 19899 | Vaults:2 | Reached skill level 5 in Spellcasting
 20043 | Vaults:2 | Found Direm's Armour Boutique.
 20084 | Vaults:2 | Found Wosuihus's Book Shop.
 20999 | Vaults:3 | Found a crumbling gateway.
 21029 | Desolati | Entered the Desolation of Salt
 21031 | Desolati | Acquired 1120 gold pieces
 21151 | Desolati | Got Sif Muna's Compendium of Shapeshifting
 21159 | Desolati | Identified the ring of Arrival {Fly rF+ Will+ SInv}
 21175 | Desolati | Identified the +8 rapier "Woxkyithau" {venom, Will++ Str-2}
 21205 | Desolati | Got Ziced's Grimoire of Singed Terrain
 21274 | Desolati | Reached skill level 5 in Invocations
 21301 | Desolati | Got the Collected Works on the Throng and Pestilence
 21310 | Desolati | Learned a level 7 spell: Malign Gateway
 21313 | Desolati | Got the Directory of Planar Conjuring
 21314 | Desolati | Identified the +1 chain mail "Docelap" {rC- Str+4 Dex+3}
 21319 | Desolati | Identified the +6 mace "Fish" {heavy, rF+ Int+2}
 21958 | Elf:1    | Entered Level 1 of the Elven Halls
 21969 | Elf:1    | Reached XP level 22. HP: 150/150 MP: 22/32
 22279 | Elf:2    | Found a runed translucent gate.
 22279 | Elf:2    | Found a runed translucent gate.
 22279 | Elf:2    | Found a runed translucent gate.
 22297 | Elf:2    | Found Ryrukieb's Antique Armour Shoppe.
 22327 | Elf:2    | Found Fiajedecu's Jewellery Shoppe.
 22560 | Elf:1    | Got Lom Lobon's Parchment of Conjuring
 22751 | Elf:1    | Identified the ring "Goigijim" {*Corrode Fly rElec Dex+3
                  | Slay+4}
 23326 | Elf:3    | Entered Level 3 of the Elven Halls
 23457 | Elf:3    | Found a radiant altar of Vehumet.
 23830 | Elf:3    | Noticed Zenata
 23981 | Elf:3    | Killed Zenata
 24220 | Elf:3    | Found the +0 staff of Battle
 24225 | Elf:3    | Identified the +5 broad axe of Royalism {venom, Fragile
                  | rN+++}
 24239 | Elf:3    | Got the Writings on Calefaction and Conjuring
 24248 | Elf:3    | Identified the +10 sling of Ocihox {antimagic, rC+ Str-5
                  | Dex+2 SInv}
 24862 | Vaults:3 | Found a staircase to the Crypt.
 25035 | Crypt:1  | Entered Level 1 of the Crypt
 25109 | Crypt:1  | Killed from afar by an ancient champion

Illustrated notes

Levels and vault maps discovered:
D:1:      ncdulo_wetmaze, layout_basic, serial_shops,
          nicolae_shop_advertising_works [nicolae_subvault_shop_adworks]
D:2:      layout_loops_ring, shapermc_ecumenical_altar_ellora,
          minmay_lizard_king
D:3:      minmay_recursive_quarters, layout_basic, uniq_terence, uniq_sigmund,
          uniq_pargi, uniq_robin
D:4:      layout_basic, minmay_temple_entry_statues_pillars
D:5:      layout_loops_cross, amcnicky_mini_pool_small, uniq_prince_ribbit1
D:6:      layout_basic, gup_sewer_entry_bowl
D:7:      layout_basic, trog_book
D:8:      layout_rooms, serial_curves, eino_curves_03, eino_curves_01,
          kennysheep_generic_room_9
D:9:      hangedman_cross_stitches, layout_layer_cave, minmay_shattered_shrine
D:10:     layout_long_grid, mainiacjoe_overflow_tiny_flanked,
          general_overflow_altar, erik_lair_orcish_takeover,
          serial_co_window_serial, co_window_paths_a, co_window_corner_a,
          co_window_of_opportunity_a, co_window_paths_a, co_window_paths_b,
          co_window_corner_a, co_window_corner_a, co_window_corner_b,
          co_window_cross_3, co_window_corner_ca, co_window_2corner,
          co_window_of_opportunity_b, co_window_2corner, co_window_4corner_a,
          co_window_paths_d, enter_bailey_2, serial_shops, nicolae_diamond_shop,
          uniq_sonja
D:11:     kennysheep_windowed_halls, layout_basic,
          hangedman_abyss_or_decor_slice, okawaru_metal_pillars_3, uniq_maurice
D:12:     layout_irregular_city, david_orc_2, enter_trove_5, serial_shops,
          nicolae_inconvenience_store
D:13:     layout_loops_corners, skrybe_vaults_entry_preservation,
          grunt_ogre_cave, fedhas_ov_isle_minmay
D:14:     layout_cave_pods, minmay_holes
D:15:     grunt_enter_depths_snipers, layout_basic, gammafunk_ghost_icy,
          ashenzari_altar_1
Temple:   hellmonk_temple_divided_pantheon
Lair:1:   layout_cave_pods, portal_ice_cave_entry_pillars_2, uniq_urug
Lair:2:   dreamdust_cave_troll, layout_chaotic_city,
          minmay_snake_entry_spellcaster, nicolae_volcano_entry_s_turn,
          wad_woods_river_04, uniq_nergalle
Lair:3:   layout_chaotic_city, nicolae_swamp_entry_splash_gauntlet,
          infiniplex_staircase_pool, lemuel_fruit_tree
Lair:4:   layout_regular_city, slime_entry_1, basic_altar, st_stairs_9,
          infiniplex_staircase_pool_2, grunt_megastairs_5
Lair:5:   gammafunk_lair_ancient_temple, layout_regular_city, ebering_ghost_xom,
          serial_bayou_shore_b, serial_bayou_shore_a
Swamp:1:  layout_basic_swamp, nicolae_swamp_tree_designs, swamp_pool5
Swamp:2:  layout_basic_swamp, gammafunk_ghost_mausoleum,
          evilmike_swamp_ruin_rubble_2, uniq_jorgrun
Swamp:3:  layout_basic_swamp, nicolae_swamp_ascending_descending, swamp_pool3
Swamp:4:  swamp_pestilence, layout_basic_swamp, uniq_mara
Snake:1:  layout_grid_maze, minmay_shoptagon
Snake:2:  gammafunk_the_bubble [the_bubble_gammafunk_roulette], layout_onion
Snake:3:  layout_layer_cave
Snake:4:  hellmonk_snake_rune_quicksilver_temple, layout_onion_interference,
          hellmonk_ghost_happy_afterlife, nicolae_snake_snakewalk
Orc:1:    layout_caves, serial_shops, shop, nicolae_orc_flooded_monolith,
          uniq_snorg, uniq_fannar
Orc:2:    st_orc_pillars, layout_diamond_mine, serial_shops,
          nicolae_shop_statue_plus, uniq_donald
Elf:1:    nicolae_elf_arrival_no_cutting_in_line, layout_gridlike,
          minmay_elf_annihilation, grunt_ministairs_5, eino_tiny_chamber,
          minmay_checkered_concentric_circles
Elf:2:    elven_hall_of_blades_hangedman_original
          [nicolae_blade_entry_hurt_lockers], layout_loops_ring, serial_shops,
          shop, nicolae_shop_waterfront
Elf:3:    minmay_elf_hall_dome, layout_geoelf_grid, basic_altar, minivault_23,
          drop_trap, uniq_zenata
Vaults:1: nicolae_vaults_big_angled_halls, v_misc_30, v_rooms_5,
          nicolae_vaults_puzzle_piece, ontoclasm_vaults_ring_square,
          ontoclasm_vaults_pinch, vaults_room_door_ring, v_alt_pattern_2,
          grunt_vaults_funnel, hangedman_vaults_capsules,
          nicolae_vaults_little_squares_2, vaults_dpeg_ring,
          ontoclasm_vaults_ring_square, layout_vaults_omnibox, serial_shops,
          shop, uniq_asterion
Vaults:2: nicolae_vaults_little_squares_3, ontoclasm_vaults_twist,
          hangedman_vaults_stream, vaults_dpeg_encased_lava, serial_ice_b,
          v_misc_8, vaults_room_pool, nicolae_vaults_diagonal_hallway_8,
          hangedman_vaults_river_flow, nicolae_vaults_alarming, v_misc_5,
          vaults_room_corners, grunt_vaults_twisty, layout_vaults_omnicross,
          serial_shops, nicolae_shop_behind_doors, shop, nicolae_lakefront_shop
Vaults:3: portal_desolation_entry_nicolae_nacl, vaults_mumra_chevron_long,
          nicolae_vaults_yaktaur_gun_rack, ontoclasm_vaults_idyll,
          vaults_dpeg_diagonal, vaults_room_fancy_cross,
          minmay_crypt_entry_simple_corners, vaults_room_corners,
          nicolae_vaults_mini_display_case, layout_vaults_big_room
Crypt:1:  evilmike_wizard_prison, layout_rooms, basic_altar
Depths:1: layout_small_grid, nrook_campfire, hangedman_geh_valley,
          amcnicky_mini_rare_corridor_liquid, kennysheep_decorative_pillar,
          hangedman_decor_growths, nicolae_shop_vocational
Depths:2: dreamdust_experimentation, layout_cross, rand_demon_pan_entry_5,
          nicolae_wu_jian_wuxing_cycle, pf_coc_iceberg, minmay_misc_feat_iff,
          lemuel_old_faithful
Depths:3: minmay_the_grid_square_5x5_5x5_mashed
          [minmay_the_grid_square_5x5_doubleslash,
          minmay_the_grid_square_5x5_eight, minmay_the_grid_square_5x5_two,
          minmay_the_grid_square_5x5_one_wall, minmay_the_grid_square_5x5_mess,
          minmay_the_grid_square_5x5_tie,
          minmay_the_grid_square_5x5_prize_monsterx,
          minmay_the_grid_square_5x5_inverted_slash,
          minmay_the_grid_square_5x5_prize_gold,
          minmay_the_grid_square_5x5_corner, minmay_the_grid_square_5x5_plus,
          minmay_the_grid_square_5x5_broken_cross,
          minmay_the_grid_square_5x5_prize_deathbox,
          minmay_the_grid_square_5x5_fat_x, minmay_the_grid_square_5x5_bite,
          minmay_the_grid_square_5x5_pentomino_r,
          minmay_the_grid_square_5x5_prize_snowflake,
          minmay_the_grid_square_5x5_three,
          minmay_the_grid_square_5x5_prize_rear_guard,
          minmay_the_grid_square_5x5_c, minmay_the_grid_square_5x5_six,
          minmay_the_grid_square_5x5_lines,
          minmay_the_grid_square_5x5_hollow_slash,
          minmay_the_grid_square_5x5_inset,
          minmay_the_grid_square_5x5_shuriken], layout_long_grid,
          enter_ziggurat_c, abyss_entry_small_statue_room,
          serial_sigils_hangedman_confine, lightli_too_deep, serial_shops, shop,
          nicolae_shop_statue_plus

Skill      XL: |  1  2  3  4  5  6  7  8  9 10 11 12 13 14 15 16 17 18 19 20 21 22 |
---------------+-------------------------------------------------------------------+-----
Polearms       | 3 |  3.5
Fighting       | 4 5 6 7 9 10 11 12 13 | 13.5
Dodging        | 4 5 7 8 9 10 11 12 | 12.9
Shields        | 4 5 6 7 10 12 13 15 | 15.8
Unarmed Combat | 2 4 5 8 10 11 13 15 | 15.9
Invocations    | 2 4 6 7 |  7.2
Translocations | 3 5 7 9 12 14 15 16 | 16.0
Summonings     | 4 6 8 9 11 13 14 15 16 | 16.5
Air Magic      | 4 5 6 7 |  7.0
Spellcasting   | 1 3 4 7 8 |  8.7
Ice Magic      | 8 12 13 | 13.3
Conjurations   | 3 5 |  5.0
Transmutations | 5 7 8 |  8.0
Poison Magic   | 4 5 |  5.0

Action                   |  1- 3 |  4- 6 |  7- 9 | 10-12 | 13-15 | 16-18 | 19-21 | 22-24 || total
-------------------------+-------+-------+-------+-------+-------+-------+-------+-------++-------
Melee: Trident           |    66 |   128 |   174 |       |       |       |       |       ||   368
       Constrict         |    11 |    26 |    40 |    60 |   137 |    78 |    74 |    71 ||   497
       Tentacles         |     9 |    17 |    44 |   121 |   235 |   212 |   259 |   107 ||  1004
       Punch             |       |     2 |    11 |    47 |    97 |    97 |   124 |    46 ||   424
       Unarmed           |       |       |    43 |   412 |   740 |   696 |   662 |   262 ||  2815
Throw: Dart              |       |       |     3 |     7 |       |       |       |       ||    10
 Cast: Summon Lightning  |       |       |       |    15 |    36 |    93 |    59 |     9 ||   212
       Manifold Assault  |       |       |       |     2 |       |       |       |       ||     2
       Freezing Cloud    |       |       |       |       |       |    41 |    25 |     5 ||    71
       Blink             |       |       |       |       |       |     7 |       |       ||     7
       Malign Gateway    |       |       |       |       |       |       |       |     1 ||     1
Invok: Slouch            |       |       |     4 |     1 |     3 |     8 |    11 |     7 ||    34
Evoke: Wand              |       |     1 |     8 |    12 |     4 |     2 |     2 |       ||    29
       Phial of floods   |       |       |       |       |       |       |       |     1 ||     1
  Use: Potion            |       |     2 |    12 |     6 |     1 |     1 |     3 |     5 ||    30
       Scroll            |       |       |     3 |    11 |     9 |    12 |     8 |     5 ||    48
 Stab: Sleeping          |     7 |     7 |    15 |     8 |    12 |     9 |     3 |     7 ||    68
       Distracted        |       |       |     2 |     3 |    13 |    28 |    11 |     2 ||    59
       Invisible         |       |       |       |       |       |       |     1 |       ||     1
       Betrayed ally     |       |       |       |       |       |       |     1 |       ||     1
Armor: Skin              |     3 |     4 |     9 |     1 |     2 |     9 |    14 |     3 ||    45
Dodge: Dodged            |    22 |    68 |   140 |   354 |   536 |   735 |   559 |   206 ||  2620
Block: Buckler           |    11 |    33 |    49 |   264 |   103 |       |       |       ||   460
       Reflection        |       |       |       |    17 |    24 |    69 |    24 |    22 ||   156
       Kite shield       |       |       |       |       |   478 |   817 |   691 |   243 ||  2229

Table legend: (Time is in decaauts)
 A = Elapsed time spent in this place.
 B = Non-inter-level travel time spent in this place.
 C = Inter-level travel time spent in this place.
 D = Time resting spent in this place.
 E = Time spent auto-exploring this place.
 F = Levels seen in this place.
 G = Mean time per level.
                   A        B        C        D        E       F      G
               +--------+--------+--------+--------+--------+-----+--------+
         Total |  39091 |  33905 |   5186 |    565 |  11908 |  47 |  831.7 |
       Dungeon |  12950 |  11439 |   1511 |    413 |   4532 |  15 |  863.3 |
        Temple |     98 |     88 |     10 |      0 |     61 |   1 |   98.0 |
          Lair |   3608 |   2668 |    940 |      0 |     78 |   5 |  721.6 |
         Swamp |   3197 |   2640 |    557 |      0 |      0 |   4 |  799.2 |
     Snake Pit |   2553 |   2281 |    272 |      8 |    122 |   4 |  638.2 |
  Orcish Mines |   1645 |   1240 |    405 |      0 |    256 |   2 |  822.5 |
   Elven Halls |   4219 |   3818 |    401 |      0 |   2912 |   3 | 1406.3 |
        Vaults |   6139 |   5384 |    755 |      0 |   3585 |   3 | 2046.3 |
         Crypt |     66 |     66 |      0 |      0 |      0 |   1 |   66.0 |
        Depths |   1803 |   1470 |    333 |      0 |     11 |   3 |  601.0 |
         Abyss |    484 |    484 |      0 |      0 |      0 |   1 |  484.0 |
         Trove |     47 |     47 |      0 |      0 |      0 |   1 |   47.0 |
         Sewer |    438 |    438 |      0 |      0 |    135 |   1 |  438.0 |
        Bailey |    601 |    601 |      0 |    144 |      0 |   1 |  601.0 |
      Ice Cave |    540 |    540 |      0 |      0 |    213 |   1 |  540.0 |
    Desolation |    696 |    696 |      0 |      0 |      0 |   1 |  696.0 |
               +--------+--------+--------+--------+--------+-----+--------+

Top non-repeatable levels by time:
Vaults:1: 2430 daAuts
Vaults:2: 1966 daAuts
    D:11: 1881 daAuts
Vaults:3: 1742 daAuts
   Elf:3: 1665 daAuts
   Elf:1: 1576 daAuts
   Orc:2: 1311 daAuts
    D:15: 1292 daAuts
Depths:2: 1248 daAuts
 Snake:4: 1234 daAuts
 Swamp:4: 1166 daAuts
     D:3: 1097 daAuts
     D:5: 1072 daAuts
   Elf:2: 978 daAuts
    D:13: 969 daAuts
